 Dungeon Crawl Stone Soup version 0.17.0-27-g4a3f43e (webtiles) character file.

10059 septik the Basher (level 11, -10/71 HPs)
             Began as a Gargoyle Fighter on Nov 21, 2015.
             Was an Elder of Okawaru.
             Mangled by a spatial vortex (13 damage)
             ... summoned by a spatial maelstrom
             ... on level 1 of the Abyss.
             The game lasted 00:28:41 (11164 turns).

septik the Basher (Gargoyle Fighter)               Turns: 11164, Time: 00:28:41

Health: -10/71     AC: 27    Str: 22    XL:     11   Next: 56%
Magic:  11/11      EV:  7    Int: 15    God:    Okawaru [****..]
Gold:   687        SH:  9    Dex: 12    Spells: 0 memorised, 10 levels left

rFire  + . .     SeeInvis .     Q - +3 whip (elec)
rCold  x . .     Clarity  .     J - +1 plate armour of True Grit {+Fly rF+ rC-}
rNeg   + . .     SustAt   .     c - +0 shield
rPois  ∞         Gourm    .     t - +0 helmet
rElec  +         Spirit   .     a - +1 cloak
rCorr  .         Warding  .     (no gloves)
rMut   .         Stasis   +     h - +0 pair of boots
MR     .....                    F - amulet of stasis
Stlth  ..........               K - +5 ring of intelligence
                                q - +3 ring of strength

@: very slightly contaminated, invisible, not resistant to hostile enchantments,
extremely unstealthy
A: negative energy resistance 1, electricity resistance, unbreathing,
petrification resistance, rot immunity, AC +7
a: Heroism, Renounce Religion, Evoke Flight


You were on level 1 of the Abyss.
You worshipped Okawaru.
Okawaru was greatly pleased with you.
You were not hungry.

You visited 3 branches of the dungeon, and saw 11 of its levels.
You visited the Abyss 1 time.

You collected 701 gold pieces.
You spent 14 gold pieces at shops.

Inventory:

Hand Weapons
 g - a +0 blowgun
 Q - a +3 whip of electrocution (weapon)
Missiles
 f - 418 stones (quivered)
Armour
 a - a +1 cloak (worn)
 c - a +0 shield (worn)
 h - a +0 pair of boots (worn)
 t - a +0 helmet (worn)
 x - a +0 ice dragon armour
 J - the +1 plate armour of True Grit (worn) {+Fly rF+ rC-}
   (You found it on level 6 of the Dungeon)

   It protects you from fire.
   It makes you vulnerable to cold.
   It lets you fly.
 N - the +0 robe of Echikaq {rPois rF++ Int+3 Slay-3}
   (You found it on level 6 of the Dungeon)

   It affects your intelligence (+3).
   It affects your accuracy and damage with ranged weapons and melee attacks
   (-3).
   It greatly protects you from fire.
   It protects you from poison.
Jewellery
 q - a +3 ring of strength (left hand)
 r - an uncursed ring of see invisible
 B - an uncursed amulet of resist corrosion
 C - an uncursed ring of protection from magic
 F - an amulet of stasis (around neck)
 K - a +5 ring of intelligence (right hand)
Scrolls
 b - a scroll of fog
 k - 3 scrolls of remove curse
 l - 4 scrolls of teleportation
 m - 8 scrolls of identify
 w - a scroll of immolation
Potions
 d - 4 potions of might
 j - a potion of haste
 H - a potion of curing
Comestibles
 e - 10 bread rations
 M - a fruit


   Skills:
 + Level 9.4 Fighting
 * Level 11.4 Maces & Flails
 + Level 9.3 Armour
 + Level 6.7 Dodging
 - Level 3.2 Shields


You had 10 spell levels left.
You didn't know any spells.

Dungeon Overview and Level Annotations

Branches:
Dungeon (8/15)             Temple (1/1) D:4            Lair (2/8) D:8

Altars:
Ashenzari
Cheibriados
Elyvilon
Fedhas
Gozag
Kikubaaqudgha
Makhleb
Nemelex Xobeh
Okawaru
Qazlal
Ru
Sif Muna
Vehumet
Xom
Yredelemnul
Zin
The Shining One

Shops:
D:6 !   D:8 %

Annotations:
Lair:2 Sonja


Innate Abilities, Weirdness & Mutations

You are resistant to torment.
Your stone body is resilient (AC +7).
You are immune to poison.
You resist negative energy.
You are resistant to electric shocks.
You can survive without breathing.
You are immune to petrification.
You are immune to rotting.


Message History

Drink which item? (? for menu, Esc to quit)
This potion cannot work under stasis.
Unknown command.
A chorus of shrieks assaults your mind.
* * * LOW HITPOINT WARNING * * *
Unknown command.
You hit the spatial vortex.
The spatial vortex is lightly damaged.
The large abomination hits you but does no damage.
The spatial maelstrom hits you but does no damage.
The spatial maelstrom hits you.
* * * LOW HITPOINT WARNING * * *
Space bends around you.
* * * LOW HITPOINT WARNING * * *
A spatial vortex comes into view.
You block the spatial maelstrom's attack.
The spatial maelstrom barely misses you.
Unknown command.
The spatial vortex hits you!
You die...

..#?(..#... #.. ### .
#..!?.....##..# ..#. #
...v....#.....#..#. #.
....#.....x.#..#. #. #..
........#...#.. ## ..
....#....##. #. ..
...##.##....v#...# .#.#.
.......@v...#.XXX.X... .
.....#.#v...#.#.#..X..##
_#. ...#.#XX.X#### .#..X
....#.....#.# ## ###5
..#...##.#.#.... ##.##.
........##.#####.. # .
#.#.. .. ... #..## ## .
###.##.#..##. .#...# .X
##.## #.. ..X5#


You could see 2 starcursed masses, a spatial maelstrom, 2 spatial vortices and a
large abomination.

Vanquished Creatures
  2 hydras
  Pikel (D:7)
  2 spiny frogs
  Maurice (D:8)
  A black mamba (Lair:1)
  A komodo dragon (Lair:1)
  A troll (D:8)
  The ghost of MDvedh the Covert, a novice SpEn of Kikubaaqudgha (D:4)
  5 blink frogs (Lair:1)
  2 hungry ghosts (D:8)
  A hippogriff (D:7)
  A basilisk (Lair:1)
  A wolf (D:8)
  2 orc warriors
  4 porcupines
  Duvessa (D:6)
  An ice beast (D:7)
  6 water moccasins
  4 ogres
  2 black bears (D:7)
  4 phantoms
  4 crocodiles
  A big kobold (D:8)
  5 giant frogs
  A wyvern zombie (D:7)
  Dowan (D:6)
  A scorpion (D:5)
  3 electric eels (D:8)
  2 jellies
  8 hounds
  A giant frog skeleton (D:5)
  Crazy Yiuf (D:3)
  2 crimson imps
  7 orc wizards
  2 orc priests (D:7)
  4 worker ants
  5 iguanas
  Natasha (thrice) (D:4)
  A hound skeleton (D:7)
  14 gnolls
  Robin (D:3)
  11 adders
  30 river rats
  A shadow imp (D:6)
  A white imp (D:8)
  2 oozes
  2 adder skeletons (D:4)
  An adder zombie (D:5)
  6 worms
  4 giant geckos
  19 orcs
  6 bats
  9 giant cockroaches
  18 goblins
  6 hobgoblins
  17 jackals
  4 quokkas
  A ball python (D:2)
  7 giant newts
  A jackal skeleton (D:7)
  16 kobolds
  A quokka skeleton (D:5)
  11 rats
  A fungus (D:3)
286 creatures vanquished.

Vanquished Creatures (others)
  3 slaves (D:7)
  6 starspawn tentacles (Abyss:1)
  201 starspawn tentacle segments (Abyss:1)
210 creatures vanquished.

Grand Total: 496 creatures vanquished

Notes
Turn   | Place    | Note
--------------------------------------------------------------
     0 | D:1      | septik the Gargoyle Fighter began the quest for the Orb.
     0 | D:1      | Reached XP level 1. HP: 14/14 MP: 1/1
   315 | D:1      | Reached XP level 2. HP: 19/19 MP: 2/2
   875 | D:2      | Found a faded altar to an unknown god.
   923 | D:2      | Reached XP level 3. HP: 10/23 MP: 3/3
  1394 | D:2      | Reached skill level 1 in Dodging
  1394 | D:2      | Reached XP level 4. HP: 29/29 MP: 4/4
  1444 | D:2      | Reached skill level 4 in Armour
  1663 | D:2      | Found an opulent altar of Gozag.
  2320 | D:3      | Reached XP level 5. HP: 33/33 MP: 5/5
  2467 | D:3      | Noticed Robin
  2473 | D:3      | Killed Robin
  2863 | D:3      | Noticed Crazy Yiuf
  2877 | D:3      | Killed Crazy Yiuf
  2877 | D:3      | Reached XP level 6. HP: 24/39 MP: 6/6
  3760 | D:4      | Noticed Natasha
  3774 | D:4      | Killed Natasha
  3941 | D:4      | Noticed Natasha
  3960 | D:4      | Killed Natasha
  4350 | D:4      | Found a staircase to the Ecumenical Temple.
  4355 | D:4      | Reached XP level 7. HP: 44/44 MP: 7/7
  4369 | Temple   | Entered the Ecumenical Temple
  4615 | D:4      | Noticed MDvedh's ghost (novice SpEn)
  4745 | D:4      | Killed MDvedh's ghost
  4745 | D:4      | Reached skill level 5 in Fighting
  4745 | D:4      | Reached skill level 5 in Maces & Flails
  4745 | D:4      | Reached skill level 5 in Armour
  5131 | D:4      | Noticed Natasha
  5136 | D:4      | Killed Natasha
  5284 | D:5      | Entered Level 5 of the Dungeon
  5314 | D:5      | Reached XP level 8. HP: 50/50 MP: 8/8
  5397 | D:5      | Reached skill level 6 in Maces & Flails
  5946 | D:6      | Found a snail-covered altar of Cheibriados.
  6076 | D:6      | Noticed Dowan
  6092 | D:6      | Killed Dowan
  6102 | D:6      | Found Piosk's Distillery.
  6105 | D:6      | Noticed Duvessa
  6128 | D:6      | Killed Duvessa
  6134 | D:6      | Got a warped plate armour
  6145 | D:6      | Identified the cursed +1 plate armour of True Grit {+Fly rF+ rC-} (You found it on level 6 of the Dungeon)
  6156 | D:6      | Bought a potion of poison for 14 gold pieces
  6583 | D:6      | Reached skill level 7 in Maces & Flails
  6659 | D:6      | Reached XP level 9. HP: 50/56 MP: 9/9
  6831 | D:6      | Found a basalt altar of Yredelemnul.
  6868 | D:6      | Got an ancient robe
  7176 | D:7      | Noticed Pikel
  7202 | D:7      | Killed Pikel
  7202 | D:7      | Reached skill level 8 in Maces & Flails
  7572 | D:7      | Found a glowing golden altar of the Shining One.
  7805 | D:8      | Found an iron altar of Okawaru.
  7811 | D:8      | Became a worshipper of Warmaster Okawaru
  7861 | D:8      | Reached skill level 9 in Maces & Flails
  7861 | D:8      | Reached skill level 5 in Dodging
  7861 | D:8      | Reached XP level 10. HP: 44/63 MP: 10/10
  7914 | D:8      | Reached * piety under Okawaru
  7961 | D:8      | Noticed Maurice
  7973 | D:8      | Killed Maurice
  8047 | D:8      | Found a staircase to the Lair.
  8528 | D:8      | Found Qeidaa's Food Boutique.
  8848 | Lair:1   | Entered Level 1 of the Lair of Beasts
  8915 | Lair:1   | Reached ** piety under Okawaru
  8928 | Lair:1   | Reached skill level 10 in Maces & Flails
  8958 | Lair:1   | Noticed a black mamba
  8998 | Lair:1   | Killed a black mamba
  9023 | Lair:1   | Reached *** piety under Okawaru
  9032 | Lair:1   | Reached XP level 11. HP: 13/69 MP: 11/11
 10041 | Lair:2   | Reached **** piety under Okawaru
 10155 | Lair:2   | Reached skill level 11 in Maces & Flails
 10368 | Lair:2   | Identified the +0 robe of Echikaq {rPois rF++ Int+3 Slay-3} (You found it on level 6 of the Dungeon)
 10398 | Lair:2   | Noticed an eight-headed hydra
 10414 | Lair:2   | Killed an eight-headed hydra
 10785 | Lair:2   | Noticed Sonja
 10809 | Lair:2   | Noticed a seven-headed hydra
 10837 | Lair:1   | Killed a seven-headed hydra
 11017 | Lair:2   | Cast into the Abyss (Sonja)
 11122 | Abyss:1  | Noticed a tentacled starspawn
 11134 | Abyss:1  | Noticed a starcursed mass
 11153 | Abyss:1  | Noticed a spatial maelstrom
 11162 | Abyss:1  | HP: 3/71 [spatial maelstrom (3)]
 11164 | Abyss:1  | Found a corrupted altar of Lugonu.
 11164 | Abyss:1  | Mangled by a spatial vortex

Action                   |  1- 3 |  4- 6 |  7- 9 | 10-12 || total
-------------------------+-------+-------+-------+-------++-------
Melee: Flail             |   235 |   317 |       |       ||   552
       Whip              |       |   100 |   565 |   509 ||  1174
Invok: Heroism           |       |       |       |     3 ||     3
  Use: Scroll            |       |     6 |       |    12 ||    18
       Potion            |       |       |       |     3 ||     3
  Eat: Chunk             |     2 |    11 |    11 |    10 ||    34
       Bread ration      |       |       |       |     1 ||     1
       Royal jelly       |       |       |       |     1 ||     1
